Selects Australian Defense Battlegroup
Selects Australian Light Infantry Section
Australian Light Infantry Section
Australian Light Infantry Section
Construct Field Infirmary
Australian Light Infantry Section
Construct Section Command Post
Construct Platoon Command Post
Selects CMP 15cwt Supply Run
Unlock M3 Stuart Light Tanks
Selects Artillery Trip Wire Flares
Australian Light Infantry Section
Construct Company Command Post
Selects Archer Tank Destroyer
Selects Defensive Tactics